 Dungeon Crawl Stone Soup version 0.21.0-24-g2553a33 (webtiles) character file.

208 Mgcat the Chopper (level 5, 0/41 HPs)
             Began as a Demonspawn Fighter on Jan 19, 2018.
             Slain by a two-headed ogre
             ... wielding a +0 giant club
              (26 damage)
             ... on level 3 of the Dungeon.
             The game lasted 00:07:19 (3368 turns).

Mgcat the Chopper (Demonspawn Fighter)              Turns: 3368, Time: 00:07:19

Health: 0/41       AC:  9    Str: 16    XL:     5   Next: 55%
Magic:  5/5        EV:  6    Int: 10    God:
Gold:   133        SH:  8    Dex: 13    Spells: 4/4 levels left

rFire    . . .     SeeInvis .   a - +0 war axe
rCold    . . .     Gourm    .   c - +0 shield
rNeg     . . .     Faith    .   b - +0 scale mail
rPois    .         Spirit   .   (no helmet)
rElec    .         Reflect  .   (no cloak)
rCorr    .         Harm     .   (no gloves)
MR       .....                  (no boots)
Stlth    +.........             (no amulet)
HPRegen  0.13/turn              (no ring)
MPRegen  0.09/turn              (no ring)

@: no status effects
A: molten scales 2, nightstalker 1
a: no special abilities


You were on level 3 of the Dungeon.
You were not hungry.

You visited 1 branch of the dungeon, and saw 3 of its levels.
You also visited: Sewer.

You collected 133 gold pieces.

Inventory:

Hand Weapons
 a - a +0 war axe (weapon)
Armour
 b - a +0 scale mail (worn)
 c - a +0 shield (worn)
Wands
 t - a wand of acid (9)
Scrolls
 h - 3 scrolls of identify
 j - a scroll of fog {unknown}
 l - a scroll of enchant armour {unknown}
 n - 3 scrolls of teleportation {unknown}
 q - a scroll of blinking {unknown}
 r - a scroll of fear {unknown}
Potions
 d - a potion of might
 e - 2 potions of agility {unknown}
 i - 5 potions of flight
 k - 3 potions of resistance {unknown}
 m - a potion of cancellation {unknown}
 o - a potion of heal wounds {unknown}
 p - a potion of mutation {unknown}
 s - a potion of invisibility {unknown}
 u - a potion of magic {unknown}
Comestibles
 f - 3 rations


   Skills:
 - Level 3.0 Fighting
 + Level 5.3 Axes
 - Level 2.6 Armour
 - Level 2.6 Shields


You had 4 spell levels left.
You didn't know any spells.

Dungeon Overview and Level Annotations

Branches:
Dungeon (3/15)

Altars:


Innate Abilities, Weirdness & Mutations

You are mostly covered in molten scales. (AC +3)
You are slightly more attuned to the shadows.


Message History

You climb downwards.
The two-headed ogre closely misses you.
The two-headed ogre hits you with a giant club!
There is a stone staircase leading up, spattered with blood here.
You completely miss the two-headed ogre.
You block the two-headed ogre's attack.
The two-headed ogre hits you with a giant club.
You hit the rat.
You kill the rat!
You hit the two-headed ogre. The two-headed ogre closely misses you.
You block the two-headed ogre's attack.
Unknown command.
You slash the two-headed ogre!
The two-headed ogre is moderately wounded.
The two-headed ogre barely misses you. You block the two-headed ogre's attack.
Unknown command.
You hit the two-headed ogre but do no damage.
The two-headed ogre is moderately wounded.
The two-headed ogre hits you with a giant club!!
Ouch! That really hurt!
You die...

#)..# #.##.##.##..###.. #>..#
#.##.##.##....... ###### #...#
#.......###.....# .....#
#...########.#### ####### ...#.#
#.........##.# ######
.#.#.####...#####.##.# #(....
...................#.#######.....
.................O...##..........
.#..............@.......####.....
.....####...#####.#.....# #.....
...### #.....[...#.....# ######
#### #...#######.....# #...#
#r....# #...# #.#.#.# #### #...#
####.#(#.#### ...# ##...##
#...........###### ##.#
##.....###.###.#####.......


You could see a two-headed ogre.

Vanquished Creatures
  Robin (D:2)
  An adder (D:3)
  6 oozes
  An adder zombie (D:3)
  4 worms
  A dart slug (D:1)
  9 leopard geckos
  5 orcs (D:3)
  6 giant cockroaches
  18 goblins
  14 hobgoblins
  14 jackals
  2 ball pythons
  14 bats
  5 frilled lizards
  9 kobolds
  7 rats
117 creatures vanquished.

Notes
Turn   | Place    | Note
-------+----------+-------------------------------------------
     0 | D:1      | Mgcat the Demonspawn Fighter began the quest for the Orb.
     0 | D:1      | Reached XP level 1. HP: 18/18 MP: 1/1
    90 | D:1      | Reached skill level 2 in Axes
   183 | D:1      | Gained mutation: You are partially covered in molten scales. (AC +2) [demonic ancestry]
   183 | D:1      | Reached XP level 2. HP: 24/24 MP: 2/2
   412 | D:1      | Reached skill level 3 in Axes
   548 | D:1      | Gained mutation: You are mostly covered in molten scales. (AC +3) [demonic ancestry]
   548 | D:1      | Reached XP level 3. HP: 27/29 MP: 3/3
   975 | D:2      | Noticed Robin
  1081 | D:2      | Killed Robin
  1086 | D:2      | Reached XP level 4. HP: 29/35 MP: 4/4
  1089 | D:2      | Reached skill level 4 in Axes
  1642 | D:3      | Found a glowing drain.
  1662 | Sewer    | Entered a sewer
  2237 | Sewer    | Gained mutation: You are slightly more attuned to the shadows. [demonic ancestry]
  2237 | Sewer    | Reached XP level 5. HP: 39/41 MP: 5/5
  2336 | D:3      | Reached skill level 5 in Axes
  3065 | D:3      | Noticed a two-headed ogre
  3368 | D:3      | Slain by a two-headed ogre

Skill      XL: |  1  2  3  4  5 |
---------------+----------------+-----
Axes           | 2 3 4 5 |  5.3
Fighting       | |  3.0
Armour         | |  2.6
Shields        | |  2.6

Action                   |  1- 3 |  4- 6 || total
-------------------------+-------+-------++-------
Melee: War axe           |   131 |   242 ||   373
  Use: Potion            |       |     3 ||     3
       Scroll            |       |     2 ||     2
 Stab: Sleeping          |       |     1 ||     1
  Eat: Chunk             |     1 |     8 ||     9
Armor: Scale mail        |    74 |   145 ||   219
Dodge: Dodged            |    39 |    76 ||   115
Block: Shield            |    73 |   138 ||   211
